 Dungeon Crawl Stone Soup version 0.19.1-1-g22dce08 (webtiles) character file.

8207 Gargoyl the Protected (level 11, -3/88 (92) HPs)
             Began as a Ghoul Abyssal Knight on Jan 2, 2017.
             Was an Elder of Lugonu.
             Slain by a black mamba (13 damage)
             ... on level 2 of the Lair of Beasts.
             The game lasted 00:24:31 (11518 turns).

Gargoyl the Protected (Ghoul Abyssal Knight)       Turns: 11518, Time: 00:24:32

HP:   -3/88 (92)    AC: 24    Str: 18    XL:     11   Next: 27%
MP:   15/15         EV:  7    Int:  7    God:    Lugonu [****..]
Gold: 317           SH:  0    Dex: 10    Spells: 0 memorised, 10 levels left

rFire  . . .     SeeInvis .     u - +1 battleaxe (chop)
rCold  + . .     Gourm    .     w - +0 plate armour
rNeg   + + +     Faith    .     (shield currently unavailable)
rPois  ∞         Spirit   .     p - +2 helmet
rElec  .         Reflect  .     (no cloak)
rCorr  .         Harm     .     s - +2 pair of gloves
MR     .....                    (no boots)
Stlth  ..........               (no amulet)
                                m - +2 ring of protection
                                o - +1 ring of protection

@: confused, rotting
A: rotting body, claws 1, carnivore 3, cold resistance 1, negative energy
resistance 3, slow regeneration 1, torment resistance, unbreathing
a: Depart the Abyss, Bend Space, Banish, Corrupt, Renounce Religion


You were on level 2 of the Lair of Beasts.
You worshipped Lugonu.
Lugonu was greatly pleased with you.
You were not hungry.

You visited 2 branches of the dungeon, and saw 11 of its levels.
You visited the Abyss 1 time.

You collected 527 gold pieces.
You spent 210 gold pieces at shops.

Inventory:

Hand Weapons
 a - a +1 hand axe
 h - a +2 hand axe of chopping
 k - a +0 war axe
 u - a +1 battleaxe of chopping (weapon)
 v - a +0 spear
Missiles
 l - 15 tomahawks (quivered)
Armour
 p - a +2 helmet (worn)
 s - a +2 pair of gloves (worn)
 w - a +0 plate armour (worn)
Jewellery
 m - a +2 ring of protection (right hand)
 o - a +1 ring of protection (left hand)
 x - an uncursed ring of flight
Wands
 b - a wand of iceblast (3/15)
 j - a wand of lightning (3/15)
 q - a wand of polymorph (9/24)
 A - a wand of slowing (19/48)
Scrolls
 f - 3 scrolls of identify
 i - 2 scrolls of fear
 t - 8 scrolls of remove curse
 y - a scroll of amnesia
 B - a scroll of recharging
Potions
 d - 2 potions of brilliance
 e - 11 potions of curing
 g - 2 potions of degeneration
Books
 n - a book of Maledictions

   Spells                             Type                      Level
   a - Corona                         Hexes                        1
   b - Ensorcelled Hibernation        Hexes/Ice                    2
   c - Confuse                        Hexes                        3
   d - Tukima's Dance                 Hexes                        3
   e - Dazzling Spray                 Conjuration/Hexes            3
 D - a book of Conjurations

   Spells                             Type                      Level
   a - Magic Dart                     Conjuration                  1
   b - Searing Ray                    Conjuration                  2
   c - Dazzling Spray                 Conjuration/Hexes            3
   d - Fulminant Prism                Conjuration/Hexes            4
   e - Iskenderun's Mystic Blast      Conjuration                  4
   f - Iskenderun's Battlesphere      Conjuration/Charms           5
Comestibles
 c - 7 meat rations
 r - 2 beef jerkies


   Skills:
 + Level 7.5 Fighting
 + Level 9.2 Axes
 + Level 0.3 Throwing
 * Level 9.6 Armour
 + Level 3.1 Dodging
 * Level 7.6 Invocations


You had 10 spell levels left.
You didn't know any spells.

Dungeon Overview and Level Annotations

Branches:
Dungeon (9/15)             Temple (0/1) D:7            Lair (2/6) D:9
    Orc (0/2) D:9
  Swamp: Lair:2-4    Shoals: Lair:2-4     Snake: Lair:2-4    Spider: Lair:2-4

Altars:
Dithmenos
Fedhas
Hepliaklqana
Makhleb
Nemelex Xobeh
Qazlal
Ru
Trog
Uskayaw
Zin
The Shining One

Shops:
D:7 *   D:8 ?   D:9 *


Innate Abilities, Weirdness & Mutations

Your body is rotting away.
You thrive on raw meat.
You are immune to poison.
You have sharp fingernails.
You are carnivorous and can eat meat at any time.
Your flesh is cold resistant. (rC+)
You are immune to negative energy. (rN+++)
You regenerate slowly when monsters are visible.
You are immune to unholy pain and torment.
You can survive without breathing.


Message History

Lugonu accepts your kill.
You hit the black mamba. The black mamba bites you.
* * * LOW HITPOINT WARNING * * *
The black mamba bites you but does no damage.
Unknown command.
You barely miss the black mamba.
The black mamba is almost dead.
The black mamba closely misses you. The black mamba bites you.
* * * LOW HITPOINT WARNING * * *
Unknown command.
You hit the black mamba but do no damage.
The black mamba is almost dead.
The black mamba bites you.
* * * LOW HITPOINT WARNING * * *
The black mamba completely misses you.
The black mamba bites you but does no damage.
Unknown command.
You are confused.
You feel invigorated. The black mamba bites you!
You die...

#.#..#..#..###
#............#
#...[.........
#=#.........>...
..............#
#........?...#
#.####.#.#P#.# #.###
#@S# # #..## #. #.#..#
#<##### #.##..# ......#
###.#+#.## .....<##
#.........P
.......#######.........P
......P.#.##..+.......P#
.............##........#


You could see a black mamba.

Vanquished Creatures
  Pikel (D:5)
  A black mamba (Lair:1)
  A rime drake (Lair:1)
  2 trolls (D:9)
  A two-headed ogre (D:8)
  A hornet (D:9)
  2 hippogriffs
  A spriggan (D:9)
  A basilisk (Lair:1)
  A wyvern (Lair:1)
  A hungry ghost (D:8)
  A warg (D:9)
  7 water moccasins
  2 orc warriors
  2 slaves (D:5)
  2 ice beasts
  2 phantoms
  3 sky beasts
  A black bear (D:9)
  2 ogres
  Purgy (D:3)
  2 necrophages
  The ghost of Dwachs the Conjurer, an amateur DgFE (D:4)
  5 bullfrogs
  A water moccasin zombie (D:9)
  A wyvern zombie (D:7)
  A scorpion (D:7)
  A water moccasin skeleton (D:9)
  4 killer bees (D:9)
  2 bullfrog zombies (D:5)
  4 crimson imps
  2 quasits
  3 jellies (D:9)
  5 hounds
  4 orc priests
  2 bullfrog skeletons
  11 orc wizards
  2 iguanas (D:9)
  7 worker ants
  A killer bee zombie (D:7)
  A hound skeleton (D:4)
  A hound zombie (D:5)
  A worker ant zombie (D:8)
  15 adders
  A shadow imp (D:7)
  An adder zombie (D:7)
  2 adder skeletons
  5 leopard geckos
  31 orcs
  2 ball pythons (D:2)
  4 giant cockroaches
  12 goblins
  4 hobgoblins
  2 jackals (D:2)
  4 quokkas
  5 bats
  10 frilled lizards
  7 kobolds
  A leopard gecko skeleton (D:5)
  A quokka skeleton (D:4)
  11 rats
216 creatures vanquished.

Vanquished Creatures (others)
  A hydra (Lair:1)
  A black mamba (Lair:1)
  An orc warrior (D:8)
  An orc wizard (D:9)
  An adder (D:5)
5 creatures vanquished.

Grand Total: 221 creatures vanquished

Notes
Turn   | Place    | Note
-------+----------+-------------------------------------------
     0 | Abyss:1  | Gargoyl the Ghoul Abyssal Knight began the quest for the Orb.
     0 | Abyss:1  | Reached XP level 1. HP: 19/19 MP: 1/1
    69 | Abyss:2  | Found a corrupted altar of Lugonu.
   105 | Abyss:2  | Noticed a small abomination
   111 | D:1      | Escaped the Abyss
   603 | D:1      | Reached XP level 2. HP: 23/26 MP: 2/2
   642 | D:1      | Reached * piety under Lugonu
   835 | D:1      | Reached skill level 1 in Dodging
  1015 | D:1      | Reached XP level 3. HP: 31/31 MP: 3/3
  1492 | D:2      | Reached XP level 4. HP: 40/40 MP: 4/4
  1732 | D:2      | Found a stormy altar of Qazlal.
  1785 | D:3      | Noticed Purgy
  1811 | D:3      | Killed Purgy
  1811 | D:3      | Reached ** piety under Lugonu
  1811 | D:3      | Reached XP level 5. HP: 13/46 MP: 4/6
  2114 | D:3      | Found a hazy altar of Hepliaklqana.
  2118 | D:3      | Found a glowing golden altar of the Shining One.
  2120 | D:3      | Found a bloodstained altar of Trog.
  2139 | D:3      | Found a sparkling altar of Nemelex Xobeh.
  2143 | D:3      | Found a blossoming altar of Fedhas.
  2568 | D:4      | Noticed a dagger
  2570 | D:4      | Noticed a hand axe
  2572 | D:4      | Found a hide-covered altar of Uskayaw.
  2779 | D:4      | Noticed Dwachs's ghost (amateur DgFE)
  2794 | D:4      | Killed Dwachs's ghost
  2794 | D:4      | Reached XP level 6. HP: 19/52 MP: 7/7
  3028 | D:4      | HP: 1/52 [ogre/giant spiked club (11)]
  3360 | D:4      | Found a sacrificial altar of Ru.
  3416 | D:4      | Found a burning altar of Makhleb.
  3416 | D:4      | Noticed a phantom
  3486 | D:4      | Killed a phantom
  3486 | D:4      | Reached XP level 7. HP: 49/60 MP: 8/8
  3625 | D:5      | Entered Level 5 of the Dungeon
  3969 | D:5      | Found a shadowy altar of Dithmenos.
  4168 | D:5      | Noticed Pikel
  4268 | D:5      | Killed Pikel
  4268 | D:5      | Reached skill level 5 in Fighting
  4268 | D:5      | Reached skill level 5 in Armour
  4268 | D:5      | Reached XP level 8. HP: 30/64 MP: 8/10
  4397 | D:5      | Reached skill level 5 in Axes
  5205 | D:6      | Found a glowing silver altar of Zin.
  5626 | D:6      | Reached XP level 9. HP: 50/74 MP: 11/11
  5764 | D:6      | Reached *** piety under Lugonu
  5951 | D:7      | Found a staircase to the Ecumenical Temple.
  6172 | D:7      | Reached skill level 5 in Invocations
  6636 | D:7      | Found Nuugg's Needful Niceties.
  8389 | D:8      | Noticed a two-headed ogre
  8399 | D:8      | Killed a two-headed ogre
  8877 | D:8      | Found Nafeisyl's Magic Scroll Boutique.
  8885 | D:8      | Bought a scroll of enchant armour for 105 gold pieces
  8885 | D:8      | Bought a scroll of enchant armour for 105 gold pieces
  8979 | D:8      | Reached XP level 10. HP: 39/84 MP: 13/13
  9096 | D:8      | Noticed a yaktaur captain
  9104 | D:8      | Banished a yaktaur captain
  9703 | D:9      | Reached **** piety under Lugonu
  9794 | D:9      | Found a staircase to the Lair.
  9801 | D:9      | Found a staircase to the Orcish Mines.
 10037 | D:9      | Found Goemahim's Assorted Antiques.
 10533 | Lair:1   | Entered Level 1 of the Lair of Beasts
 10585 | Lair:1   | Noticed a five-headed hydra
 10585 | Lair:1   | Banished a five-headed hydra
 10634 | Lair:1   | Reached XP level 11. HP: 73/92 MP: 15/15
 11518 | Lair:2   | Slain by a black mamba

Skill      XL: |  1  2  3  4  5  6  7  8  9 10 11 |
---------------+----------------------------------+-----
Axes           | 2 3 4 6 7 8 9 |  9.2
Armour         | 2 3 4 5 6 7 9 |  9.6
Dodging        | 1 2 3 |  3.1
Fighting       | 4 5 6 7 |  7.5
Invocations    | 3 4 6 7 |  7.6
Throwing       | |  0.3

Action                   |  1- 3 |  4- 6 |  7- 9 | 10-12 || total
-------------------------+-------+-------+-------+-------++-------
Melee: Hand axe          |    77 |    88 |       |       ||   165
       War axe           |       |    53 |   640 |   135 ||   828
       Battleaxe         |       |       |       |   230 ||   230
Throw: Tomahawk          |       |       |     2 |       ||     2
Invok: Depart the Abyss  |     1 |       |       |       ||     1
       Banish            |       |       |     1 |     3 ||     4
  Use: Scroll            |     1 |     9 |     3 |     3 ||    16
       Potion            |       |    12 |     4 |     7 ||    23
  Eat: Chunk             |    13 |    21 |    46 |    56 ||   136
       Beef jerky        |     1 |       |       |       ||     1
       Meat ration       |       |       |     1 |       ||     1
Armor: Ring mail         |    34 |    45 |       |       ||    79
       Chain mail        |       |    16 |   529 |       ||   545
       Plate armour      |       |       |    26 |   468 ||   494
Dodge: Dodged            |    58 |   117 |   293 |   174 ||   642
